AoeStats
← joosephy

Oasis

507772231Analyzed
4v4 RM · 13d ago on Sep 19, 2026· 24m 1s· 8 players
Game mode
Random Map
Map size
Large (8 player)
Population
200
Speed
Normal
Resources
Standard
Victory
Conquest
Starting age
Dark Age
Ending age
Imperial Age
RankedLock teamsTeams togetherTeam positionsShared explorationLock speedFull tech treeHidden civsTurbo modeCheats
Victory
Defeat
🇹🇼 Vietnamese · Taiwan
1622
+12
🇹🇼 Saracens · Taiwan
1582
+14
1577
+21
🇹🇼 Persians · Taiwan
1468
+19
🇹🇷 Bengalis · Türkiye
1571
-16
🇹🇼 Teutons · Taiwan
1535
-15
🇨🇦 Franks · Canada
1523
-14
🇷🇺 Persians · Russia
1515
-14
joosephy
6:20 Loom
7:33 Loom
10:16 Feudal Age
11:17 Double-Bit Axe
14:11 Town Watch
17:19 Wheelbarrow
22:24 Castle Age
20:35 Horse Collar
20:59 Gold Mining
21:50 Fletching
小三輪司機
9:46 Feudal Age
10:30 Double-Bit Axe
11:07 Loom
12:36 Scale Barding Armor
17:48 Forging
21:59 Castle Age
22:01 Gold Mining
23:10 Bow Saw
23:23 Chain Barding Armor
JavelinMen
6:43 Loom
9:14 Feudal Age
12:16 Double-Bit Axe
14:26 Horse Collar
21:01 Castle Age
19:18 Gold Mining
19:43 Fletching
21:24 Padded Archer Armor
22:07 Bow Saw
23:35 Ballistics
xxArMoRxx
6:30 Loom
10:02 Feudal Age
14:43 Castle Age
12:48 Horse Collar
13:18 Double-Bit Axe
14:54 Scale Barding Armor
15:02 Bloodlines
18:31 Wheelbarrow
20:44 Husbandry
23:58 Forging
Junyou
8:40 Feudal Age
9:42 Double-Bit Axe
12:43 Horse Collar
18:47 Castle Age
17:25 Gold Mining
18:22 Bloodlines
18:38 Scale Barding Armor
19:23 Forging
19:58 Wheelbarrow
18:57 Light Cavalry
24:01 Chain Barding Armor
我現在強的(可怕)
6:06 Loom
9:01 Feudal Age
9:45 Double-Bit Axe
11:18 Fletching
15:57 Double-Bit Axe
21:23 Castle Age
19:42 Horse Collar
19:53 Gold Mining
21:27 Padded Archer Armor
21:24 Crossbowman
22:00 Bodkin Arrow
22:18 Bow Saw
23:46 Wheelbarrow
24:15 Padded Archer Armor
白毛
6:28 Loom
8:56 Feudal Age
9:44 Double-Bit Axe
19:24 Castle Age
17:38 Horse Collar
18:00 Fletching
18:28 Gold Mining
20:06 Bodkin Arrow
19:32 Crossbowman
21:12 Bow Saw
Demon Hunters
6:15 Loom
8:35 Feudal Age
9:13 Double-Bit Axe
11:10 Horse Collar
20:50 Castle Age
19:24 Scale Barding Armor
19:30 Forging
19:25 Gold Mining
20:02 Bloodlines
21:46 Chain Barding Armor
22:07 Wheelbarrow
21:45 Bow Saw
22:35 Husbandry
Connection lost

Rejoining the realm…

Still unreachable

The connection could not be restored.

Session expired

The server has moved on; the page needs a fresh start.